 Dungeon Crawl Stone Soup version bcrawl-1.14.2-1-gc900083943 (webtiles) character file.

Game seed: 11897183836067395676

23987 Chiseanne the Fighter (level 12, -11/102 HPs)
             Began as a Mummy Archaeologist on Sept 21, 2019.
             Was an Initiate of Gozag.
             Mangled by a catoblepas (27 damage)
             ... on level 3 of the Lair of Beasts.
             The game lasted 00:37:45 (17083 turns).

Chiseanne the Fighter (Mummy Archaeologist)        Turns: 17083, Time: 00:37:46

Health: -11/102    AC: 19    Str: 15    XL:     12   Next: 76%
Magic:  12/12      EV: 32    Int: 14    God:    Gozag
Gold:   992        SH:  0    Dex: 21    Spells: 11/11 levels left

rFire    + . .     SeeInvis +   s - +9 battleaxe
rCold    + + .     Gourm    .   (shield currently unavailable)
rNeg     + + +     Faith    .   n - +1 scale mail {rF+}
rPois    ∞         Spirit   .   g - +2 hat
rElec    .         Reflect  .   (no cloak)
rCorr    +         Harm     .   B - +1 pair of gloves {Dex+3}
MR       +....     Clarity  +   d - +1 pair of boots
Stlth    +.........             E - amulet "Leoruxt" {Acrobat +Inv Dex+4 SInv}
HPRegen  0.27/turn              o - ring "Funge" {rPois rF+ rC+ AC+3}
MPRegen  0.13/turn              b - ring of resist corrosion

@: no status effects
A: no food or potions, fire vulnerability, clarity, cold resistance 1, negative
energy resistance 3, torment resistance, unbreathing
a: Potion Petition, Call Merchant, Bribe Branch, Renounce Religion, Evoke
Invisibility


You were on level 3 of the Lair of Beasts.
You worshipped Gozag.
Gozag was pleased with you.
You were not hungry.

You visited 3 branches of the dungeon, and saw 16 of its levels.
You also visited: Ossuary and Gauntlet.

You collected 3120 gold pieces.
You spent 1358 gold pieces at shops.
You paid 770 gold pieces to Gozag.

Inventory:

Hand Weapons
 a - the +5 sword of Power
 s - a +9 battleaxe (weapon)
 z - a +3 battleaxe of freezing
 D - a +0 dire flail of protection
Missiles
 c - 2062 arrows
 f - 481 tomahawks
 h - 812 sling bullets
 m - 1209 poisoned needles
 q - 536 bolts
 u - 31 exploding tomahawks (quivered)
Armour
 d - a +1 pair of boots (worn)
 g - a +2 hat (worn)
 i - the +0 pair of gloves "Caiblom" {+Blink rF++}
   (You bought it in a shop on level 9 of the Dungeon)

   It greatly protects you from fire.
   It lets you blink.
 n - a +1 scale mail of fire resistance (worn)
 B - a +1 pair of gloves of dexterity (worn)
 C - the +1 hat "Xyikius" {Str+4, unknown}
   (You found it on level 10 of the Dungeon)

   It affects your strength (+4).
Jewellery
 b - a ring of resist corrosion (right hand)
 o - the ring "Funge" (left hand) {rPois rF+ rC+ AC+3}
   (You bought it in a shop on level 8 of the Dungeon)

   [ring of protection]

   It affects your AC (+3).
   It protects you from fire.
   It protects you from cold.
   It protects you from poison.
 w - an uncursed amulet of regeneration
 E - the amulet "Leoruxt" (around neck) {Acrobat +Inv Dex+4 SInv}
   (You bought it in a shop on level 8 of the Dungeon)

   [amulet of the acrobat]

   It helps you evade while moving and waiting.
   It affects your dexterity (+4).
   It lets you see invisible.
   It lets you turn invisible.
Wands
 y - a wand of clouds (7)
 A - a wand of polymorph (13)
 F - a wand of disintegration (13)
Scrolls
 e - 4 scrolls of remove curse
 j - 8 scrolls of magic mapping
 k - 7 scrolls of identify
 l - 2 scrolls of immolation
 r - a scroll of teleportation
 t - a scroll of fear
 v - 4 scrolls of fog
 x - a scroll of amnesia
Miscellaneous
 p - a box of beasts


   Skills:
 * Level 11.9 Fighting
 - Level 7.2 Long Blades
 - Level 0.7 Maces & Flails
 * Level 9.9 Armour
 * Level 10.4 Dodging
 - Level 2.6 Stealth


You had 11 spell levels left.
You didn't know any spells.
Your spell library contained the following spells:

 Spells                   Type           Power        Failure   Level  Hunger
 Freeze                   Ice            #.....       65%         1    N/A
 Magic Dart               Conj           #...         65%         1    N/A
 Searing Ray              Conj           #.....       78%         2    N/A
 Throw Frost              Conj/Ice       #.....       78%         2    N/A
 Iskenderun's Mystic Bla  Conj           #.......     95%         3    N/A
 Ozocubu's Armour         Chrm/Ice       #.......     95%         3    N/A
 Fulminant Prism          Conj/Hex       #.........   100%        4    N/A
 Summon Ice Beast         Ice/Summ       #.......     100%        4    N/A
 Throw Icicle             Conj/Ice       #.......     100%        4    N/A
 Irradiate                Conj/Tmut      #.........   100%        5    N/A

Dungeon Overview and Level Annotations

Branches:
Dungeon (11/12)            Temple (1/1) D:6            Lair (4/6) D:9
 Shoals (0/3) Lair:3        Snake (0/3) Lair:3
    Orc: D:8-11      Vaults: D:11-12

Altars:
Ashenzari
Cheibriados
Dithmenos
Elyvilon
Fedhas
Gozag
Hepliaklqana
Lugonu
Makhleb
Nemelex Xobeh
Okawaru
Sif Muna
Trog
Uskayaw
Vehumet
Wu Jian
Zin
The Shining One

Shops:
D:8 =   D:9 [   D:10 *:

Annotations:
D:10 3 runed translucent doors, exclusion: obsidian statue, Tutankhamun's ghost, journeyman HOAc


Innate Abilities, Weirdness & Mutations

You do not eat or drink.
Your flesh is vulnerable to fire.
You are immune to poison.
You possess an exceptional clarity of mind.
Your flesh is cold resistant. (rC+)
You are immune to negative energy. (rN+++)
You are immune to unholy pain and torment.
You can survive without breathing.


Message History

The catoblepas breathes a plume of calcifying dust at you.
The blast of calcifying dust hits you! The catoblepas closely misses you.
The catoblepas gores you but does no damage.
You slash the catoblepas!
The catoblepas is almost dead.
The catoblepas gores you!!
* * * LOW HITPOINT WARNING * * *
The catoblepas misses you.
You hit the catoblepas but do no damage.
The catoblepas is almost dead.
The catoblepas gores you.
* * * LOW HITPOINT WARNING * * *
The catoblepas closely misses you.
You hit the catoblepas.
The catoblepas is almost dead.
The catoblepas breathes a plume of calcifying dust at you.
The blast of calcifying dust hits you! The catoblepas gores you!!
You die...
Your body crumbles into a pile of gold.

####...........### #
#####..P...#......##
.###
###..#.#..........###
#..####
#.#.......###....P#
###
......####.......##
##....###.###
......#....P......#
#...###....P
..................##
###.........
..<......8.....>Y§§##
#P.........
......8.....8...@...#
##.........
.........8..........#
#.........
....................##
#........#
.....8.8[..8.8.......#
#.....#.##
.##............!.....#
#...#..##
##.......8.........###
##...###
..###.8.....8......#
#......### ..
#.....8........##
#.....#.....
..###.......##..###
#....##.....


You could see a catoblepas.

Vanquished Creatures
  A centaur warrior (D:10)
  4 two-headed ogres
  Pikel (D:5)
  3 black mambas
  A centaur zombie (D:11)
  7 cane toads
  A centaur skeleton (D:11)
  3 komodo dragons
  A tengu conjurer (D:11)
  3 trolls
  2 polar bears (Lair:2)
  5 blink frogs (Lair:1)
  4 hippogriffs
  A meliai zombie (D:10)
  3 wraiths (D:10)
  20 yaks
  A vampire (D:10)
  4 basilisks (Lair:3)
  Grum (D:8)
  A human (D:9)
  2 hungry ghosts
  A steam dragon (D:9)
  Menkaure (D:7)
  4 nagas (Lair:3)
  An acid dragon (D:10)
  4 water moccasins
  4 porcupines
  2 ice beasts
  2 orc warriors (D:8)
  A black bear (D:7)
  An eye of draining (D:10)
  8 wolves
  8 ogres
  8 centaurs
  9 crocodiles
  5 bullfrogs
  2 big kobolds
  2 elf zombies (Ossuary)
  5 scorpions
  3 killer bees (D:8)
  11 wights
  4 howler monkeys (D:8)
  4 crimson imps
  A quasit (D:10)
  A bullfrog zombie (D:6)
  9 hounds
  4 jellies
  2 bullfrog skeletons
  5 orc priests
  6 orc wizards
  Jessica (D:3)
  5 iguanas
  Natasha (thrice) (D:3)
  7 worker ants
  A killer bee zombie (D:7)
  2 big kobold zombies (Ossuary)
  4 hound zombies
  3 mummies (Ossuary)
  A howler monkey zombie (D:6)
  2 worker ant zombies
  A gnoll (D:9)
  3 howler monkey skeletons
  12 adders
  3 shadow imps
  4 oozes
  5 adder zombies (Ossuary)
  2 adder skeletons
  6 worms
  2 dart slugs
  3 leopard geckos
  22 orcs
  4 giant cockroaches
  A gnoll zombie (Ossuary)
  11 goblins
  14 hobgoblins
  11 jackals
  19 kobolds
  8 quokkas
  A ball python (D:1)
  8 bats
  3 frilled lizards
  2 goblin zombies (Ossuary)
  3 hobgoblin zombies (Ossuary)
  A jackal skeleton (D:6)
  3 jackal zombies (Ossuary)
  2 kobold zombies (Ossuary)
  A leopard gecko zombie (D:5)
  4 orc zombies (Ossuary)
  5 quokka zombies (Ossuary)
  10 rats
  3 rat zombies (Ossuary)
  2 fungi (Lair:2)
395 creatures vanquished.

Vanquished Creatures (collateral kills)
  A troll (D:9)
  A bullfrog skeleton (D:9)
  A hound skeleton (D:9)
3 creatures vanquished.

Vanquished Creatures (others)
  3 fungi (Lair:3)
  2 plants
5 creatures vanquished.

Grand Total: 403 creatures vanquished

Notes
Turn   | Place    | Note
-------+----------+-------------------------------------------
     0 | D:1      | Chiseanne the Mummy Archaeologist began the quest for the
                  | Orb.
     0 | D:1      | Reached XP level 1. HP: 15/15 MP: 1/1
   128 | D:1      | Reached XP level 2. HP: 20/21 MP: 2/2
   464 | D:1      | Reached skill level 2 in Fighting
   554 | D:1      | Reached XP level 3. HP: 27/27 MP: 3/3
   780 | D:1      | Reached skill level 1 in Long Blades
  1330 | D:2      | Reached XP level 4. HP: 24/33 MP: 4/4
  2512 | D:3      | Found a bloodstained altar of Trog.
  2694 | D:3      | Reached XP level 5. HP: 38/38 MP: 5/5
  2749 | D:3      | Reached skill level 5 in Long Blades
  2929 | D:3      | Noticed Natasha
  2936 | D:3      | Killed Natasha
  2936 | D:3      | Reached XP level 6. HP: 29/44 MP: 6/6
  3026 | D:3      | Found a shadowy altar of Dithmenos.
  3106 | D:3      | Noticed Natasha
  3113 | D:3      | Killed Natasha
  3195 | D:3      | Noticed Jessica
  3197 | D:3      | Killed Jessica
  3314 | D:3      | Noticed Natasha
  3320 | D:3      | Killed Natasha
  3692 | D:4      | Reached XP level 7. HP: 50/50 MP: 7/7
  4036 | D:4      | Reached skill level 1 in Armour
  4116 | D:4      | Reached skill level 3 in Fighting
  4576 | D:5      | Entered Level 5 of the Dungeon
  4583 | D:5      | Found an iron altar of Okawaru.
  4591 | D:5      | Reached XP level 8. HP: 58/58 MP: 8/8
  4674 | D:5      | Noticed Pikel
  4689 | D:5      | Killed Pikel
  4689 | D:5      | Reached skill level 4 in Fighting
  4797 | D:5      | Reached skill level 5 in Fighting
  4849 | D:5      | Reached skill level 5 in Dodging
  5405 | D:6      | Reached XP level 9. HP: 68/68 MP: 9/9
  5735 | D:6      | Found a staircase to the Ecumenical Temple.
  5931 | Temple   | Entered the Ecumenical Temple
  5995 | Temple   | Became a worshipper of Gozag Ym Sagoz the Greedy
  6083 | D:6      | Found a shimmering blue altar of Sif Muna.
  6204 | D:6      | Reached skill level 6 in Fighting
  6510 | D:7      | Found a glowing silver altar of Zin.
  6510 | D:7      | Found a shimmering blue altar of Sif Muna.
  6516 | D:7      | Found a faded altar of an unknown god.
  6518 | D:7      | Found a faded altar of an unknown god.
  6520 | D:7      | Found a snail-covered altar of Cheibriados.
  6593 | D:7      | Found an ornate altar of the Wu Jian Council.
  6601 | D:7      | Noticed a troll
  6609 | D:7      | Killed a troll
  6609 | D:7      | Reached skill level 5 in Armour
  6648 | D:7      | Noticed Menkaure
  6655 | D:7      | Killed Menkaure
  7015 | D:7      | Reached skill level 7 in Fighting
  7101 | D:7      | Noticed a troll
  7111 | D:7      | Killed a troll
  7412 | D:8      | Reached XP level 10. HP: 77/79 MP: 10/10
  7418 | D:8      | Found a sand-covered staircase.
  7450 | Ossuary  | Entered an ossuary
  7899 | D:8      | Noticed a two-headed ogre
  7914 | D:8      | Killed a two-headed ogre
  7921 | D:8      | Reached skill level 8 in Fighting
  8199 | D:8      | Noticed Grum
  8205 | D:8      | Killed Grum
  8434 | D:8      | Identified the +0 flail "Pimpaot" {holy, rN+ Str+2 Int+3}
  8975 | D:8      | Noticed a two-headed ogre
  8987 | D:8      | Killed a two-headed ogre
  9378 | D:8      | Noticed a two-headed ogre
  9402 | D:8      | Killed a two-headed ogre
  9402 | D:8      | Reached skill level 9 in Fighting
  9402 | D:8      | Reached XP level 11. HP: 40/89 MP: 11/11
  9633 | D:8      | Bought the ring "Funge" {rPois rF+ rC+ AC+3} for 508 gold
                  | pieces
 10321 | D:9      | Found a staircase to the Lair.
 10325 | D:9      | Found Koybrih's Antique Armour Shoppe.
 10330 | D:9      | Bought a pair of faintly humming gloves for 228 gold pieces
 10331 | D:9      | Identified the +0 pair of gloves "Caiblom" {+Blink rF++}
                  | (You bought it in a shop on level 9 of the Dungeon)
 10739 | D:9      | Found a burning altar of Makhleb.
 10927 | D:10     | Entered Level 10 of the Dungeon
 11072 | D:10     | Found Coxkaock's Book Shop.
 11089 | D:10     | Found a runed translucent gate.
 11089 | D:10     | Found a runed translucent gate.
 11089 | D:10     | Found a runed translucent gate.
 11096 | D:10     | Found an opulent altar of Gozag.
 11096 | D:10     | Found Ottic's Assorted Antiques.
 11097 | D:10     | Noticed an orc knight
 11097 | D:10     | Noticed an obsidian statue
 11097 | D:10     | Noticed a green ugly thing
 11097 | D:10     | Noticed Tutankhamun's ghost (journeyman HOAc)
 11138 | D:10     | Noticed a centaur warrior
 11151 | D:10     | Killed a centaur warrior
 11238 | D:10     | Reached skill level 10 in Fighting
 11508 | D:10     | Found a white marble altar of Elyvilon.
 11559 | D:10     | Got a spiked hat
 11799 | D:11     | Noticed a two-headed ogre
 11810 | D:11     | Killed a two-headed ogre
 11936 | D:11     | Noticed a six-headed hydra
 12007 | D:8      | Bought the amulet "Leoruxt" {Acrobat +Inv Dex+4 SInv} for
                  | 622 gold pieces
 12164 | Lair:1   | Entered Level 1 of the Lair of Beasts
 12735 | Lair:1   | Reached XP level 12. HP: 84/99 MP: 12/12
 13295 | Lair:1   | Reached skill level 11 in Fighting
 13898 | Lair:2   | Found a gate leading to a gauntlet.
 13943 | Gauntlet | Entered a Gauntlet
 13943 | Gauntlet | Found a transporter.
 15247 | Lair:3   | Noticed a catoblepas
 15532 | Lair:3   | Reached skill level 10 in Dodging
 15551 | Lair:3   | Found a staircase to the Snake Pit.
 16165 | Lair:3   | Found a staircase to the Shoals.
 17066 | Lair:4   | Noticed a catoblepas
 17083 | Lair:3   | Mangled by a catoblepas

Skill      XL: |  1  2  3  4  5  6  7  8  9 10 11 12 |
---------------+-------------------------------------+-----
Fighting       | 2 3 5 7 9 10 11 | 11.9
Dodging        | 3 5 6 8 9 10 | 10.4
Long Blades    | 2 4 6 7 |  7.2
Armour         | 2 4 5 7 8 9 |  9.9
Maces & Flails | |  0.7
Stealth        | |  2.6

Action                   |  1- 3 |  4- 6 |  7- 9 | 10-12 || total
-------------------------+-------+-------+-------+-------++-------
Melee: Whip              |    84 |   202 |    15 |       ||   301
       Short sword       |   132 |    59 |       |       ||   191
       Great sword       |       |       |   294 |   627 ||   921
       Battleaxe         |       |       |       |   210 ||   210
Throw: Tomahawk          |       |     4 |    10 |    14 ||    28
       Throwing net      |       |       |     1 |     1 ||     2
Invok: Potion Petition   |       |       |       |     1 ||     1
       Call Merchant     |       |       |       |     1 ||     1
Evoke: Wand              |       |       |       |     1 ||     1
  Use: Scroll            |     5 |     4 |     4 |    12 ||    25
 Stab: Sleeping          |     3 |       |       |     1 ||     4
       Distracted        |       |       |       |     3 ||     3
       Invisible         |       |       |       |     1 ||     1
       Held in net/web   |       |       |       |     1 ||     1
       Confused          |       |       |       |     2 ||     2
Armor: Robe              |    67 |       |       |       ||    67
       Scale mail        |    23 |   133 |   123 |   517 ||   796
Dodge: Dodged            |   147 |   137 |   187 |   928 ||  1399
Block: Other             |       |     6 |    72 |   150 ||   228
       Reflection        |       |       |     2 |       ||     2
